[ AOE2 MATCH · #506185873 ]
UnrankedMagyars vs Mapuche
Player's team · LOSS
Rival team · WIN
[ REPLAY ANALYSIS · EXTRACTED FROM THE RECORDED GAME ]
Feudal
13:53
Castle
—
Imperial
—
| APM avg | 58.1 |
| APM peak | 93 |
| eAPM avg | 21.0 |
| Villagers / military | 37 / 17 |
Focus
⚔️ 36.0% · 🌾 64.0%
Militia ×17
Feudal
9:16
Castle
—
Imperial
—
| APM avg | 57.2 |
| APM peak | 114 |
| eAPM avg | 22.3 |
| Villagers / military | 40 / 4 |
Focus
⚔️ 31.1% · 🌾 68.9%
Unknown (2550) ×13 · Archer ×4
Match map
Initial resources + every placement click. Lines = walls · curves = elevation contours. ◆ gold · ⬟ stone · ● berries · ✦ relic · ◌ wall gap
Your base· Open — unwalled flank
avlid's base· Open — unwalled flank
Smoothed initial terrain · ◌ = detected wall gap · hover for details
Inputs per minute
— ask - - avlid
Build order — ask
87 actions detected in the replay
| 0:01 | Create | Villager (Male) |
| 0:01 | Create | Villager (Male) |
| 0:01 | Create | Villager (Male) |
| 0:02 | Create | Villager (Male) |
| 0:02 | Create | Villager (Male) |
| 1:17 | Create | Villager (Male) |
| 1:17 | Create | Villager (Male) |
| 1:22 | Build | House |
| 1:23 | Build | Lumber Camp |
| 1:54 | Create | Villager (Male) |
| 1:54 | Create | Villager (Male) |
| 2:19 | Create | Villager (Male) |
| 2:20 | Create | Villager (Male) |
| 2:42 | Create | Villager (Male) |
| 2:43 | Create | Villager (Male) |
| 2:57 | Create | Villager (Male) |
| 2:57 | Create | Villager (Male) |
| 3:27 | Build | House |
| 3:34 | Create | Villager (Male) |
| 3:39 | Create | Villager (Male) |
| 3:39 | Create | Villager (Male) |
| 4:21 | Create | Villager (Male) |
| 4:44 | Create | Villager (Male) |
| 4:54 | Build | Barracks |
| 4:55 | Build | House |
| 5:18 | Create | Villager (Male) |
| 5:37 | Create | Villager (Male) |
| 5:43 | Build | House |
| 5:47 | Create | Militia |
| 5:47 | Create | Militia |
| 6:01 | Create | Villager (Male) |
| 6:09 | Build | Mining Camp |
| 6:30 | Create | Militia |
| 6:31 | Create | Militia |
| 6:36 | Create | Villager (Male) |
| 6:44 | Build | House |
| 6:53 | Create | Villager (Male) |
| 7:11 | Create | Militia |
| 7:11 | Create | Militia |
| 7:31 | Create | Villager (Male) |
| 7:41 | Build | Mill |
| 7:51 | Create | Militia |
| 7:55 | Research | Loom |
| 7:56 | Research | Loom |
| 8:19 | Create | Militia |
| 8:20 | Create | Militia |
| 8:27 | Create | Villager (Male) |
| 8:41 | Build | Mill |
| 9:00 | Create | Villager (Male) |
| 9:25 | Create | Villager (Male) |
| 9:44 | Build | Farm |
| 9:45 | Build | Farm |
| 9:46 | Build | Farm |
| 9:51 | Create | Villager (Male) |
| 10:08 | Build | Farm |
| 10:11 | Create | Villager (Male) |
| 10:11 | Create | Villager (Male) |
| 10:17 | Create | Militia |
| 10:17 | Create | Militia |
| 10:44 | Build | Farm |
| 11:12 | Build | Farm |
| 11:43 | Research | Feudal Age |
| 11:50 | Build | Farm |
| 12:19 | Create | Militia |
| 12:19 | Create | Militia |
| 12:50 | Create | Militia |
| 12:56 | Build | Farm |
| 12:57 | Build | Farm |
| 13:09 | Create | Militia |
| 13:13 | Build | House |
| 13:22 | Build | Farm |
| 13:30 | Create | Villager (Male) |
| 13:53 | Age | Feudal Age |
| 13:56 | Research | Man-at-Arms (upgrade) |
| 13:56 | Research | Man-at-Arms (upgrade) |
| 14:09 | Build | Watch Tower |
| 14:19 | Create | Villager (Male) |
| 14:20 | Create | Villager (Male) |
| 14:33 | Build | Palisade Wall |
| 14:40 | Build | Palisade Wall |
| 14:47 | Create | Militia |
| 14:48 | Create | Militia |
| 14:50 | Research | Double-Bit Axe |
| 14:50 | Research | Double-Bit Axe |
| 15:00 | Build | Palisade Gate |
| 15:10 | Create | Villager (Male) |
| 15:10 | Create | Villager (Male) |
Build order — avlid
83 actions detected in the replay
| 0:00 | Create | Villager (Male) |
| 0:01 | Create | Villager (Male) |
| 0:02 | Build | House |
| 0:37 | Create | Villager (Male) |
| 0:37 | Create | Villager (Male) |
| 0:37 | Create | Villager (Male) |
| 1:24 | Create | Villager (Male) |
| 1:24 | Create | Villager (Male) |
| 1:51 | Build | Settlement |
| 1:59 | Create | Villager (Male) |
| 2:00 | Create | Villager (Male) |
| 2:27 | Create | Villager (Male) |
| 2:27 | Create | Villager (Male) |
| 2:48 | Create | Villager (Male) |
| 2:48 | Create | Villager (Male) |
| 3:16 | Create | Villager (Male) |
| 3:16 | Create | Villager (Male) |
| 3:34 | Create | Villager (Male) |
| 3:34 | Create | Villager (Male) |
| 4:02 | Create | Villager (Male) |
| 4:11 | Create | Villager (Male) |
| 4:12 | Create | Villager (Male) |
| 4:52 | Create | Villager (Male) |
| 4:53 | Create | Villager (Male) |
| 4:53 | Create | Villager (Male) |
| 5:15 | Build | Barracks |
| 5:39 | Create | Villager (Male) |
| 5:55 | Build | House |
| 6:14 | Create | Villager (Male) |
| 6:20 | Research | Loom |
| 7:06 | Research | Feudal Age |
| 7:07 | Research | Feudal Age |
| 7:16 | Create | Unit 2550 |
| 7:21 | Build | Settlement |
| 7:41 | Create | Unit 2550 |
| 8:24 | Create | Unit 2550 |
| 8:34 | Create | Villager (Male) |
| 9:12 | Create | Unit 2550 |
| 9:16 | Age | Feudal Age |
| 9:39 | Research | Tech 1402 |
| 9:41 | Create | Villager (Male) |
| 9:42 | Create | Villager (Male) |
| 9:51 | Build | Farm |
| 9:52 | Build | Farm |
| 9:53 | Build | Archery Range |
| 10:28 | Create | Unit 2550 |
| 10:38 | Create | Villager (Male) |
| 10:44 | Build | Farm |
| 10:48 | Create | Archer |
| 10:50 | Build | House |
| 11:00 | Create | Villager (Male) |
| 11:10 | Create | Unit 2550 |
| 11:13 | Build | Farm |
| 11:32 | Create | Unit 2550 |
| 11:40 | Create | Villager (Male) |
| 11:43 | Create | Archer |
| 11:51 | Build | Farm |
| 11:57 | Build | Palisade Wall |
| 12:22 | Create | Villager (Male) |
| 12:36 | Create | Unit 2550 |
| 12:46 | Create | Villager (Male) |
| 12:46 | Create | Villager (Male) |
| 12:51 | Build | House |
| 13:03 | Build | Blacksmith |
| 13:08 | Build | House |
| 13:19 | Create | Unit 2550 |
| 13:23 | Create | Archer |
| 13:29 | Build | Farm |
| 13:38 | Build | House |
| 13:46 | Create | Unit 2550 |
| 13:54 | Research | Fletching |
| 14:07 | Create | Villager (Male) |
| 14:24 | Create | Unit 2550 |
| 14:29 | Create | Villager (Male) |
| 14:36 | Build | Market |
| 14:46 | Create | Unit 2550 |
| 14:49 | Create | Villager (Male) |
| 14:51 | Build | Farm |
| 15:11 | Create | Archer |
| 15:13 | Create | Unit 2550 |
| 15:18 | Create | Villager (Male) |
| 15:29 | Create | Villager (Male) |
| 15:37 | Create | Villager (Male) |
Match timeline
| 4:54 | ask · first_building Barracks |
| 5:15 | avlid · first_building Barracks |
| 9:16 | avlid · age_up feudal |
| 9:53 | avlid · first_building Archery Range |
| 11:57 | avlid · wall_segment Palisade Wall x1 |
| 13:53 | ask · age_up feudal |
| 14:33 | ask · wall_segment Palisade Wall x5 |
| 14:40 | ask · wall_segment Palisade Wall x11 |
| 15:41 | ask · resign |
[ AI ANALYSIS · 1 CREDIT ]
What really happened in this match?
Wolo.gg analyzes every decision: build order, eco, micro, common mistakes by bracket. Personalized analysis on WhatsApp or Discord in 30 seconds.
Civ guide
Magyars
Perfil
Jugador #4450310